 Dungeon Crawl Stone Soup version 0.20.0-10-g0535bb4 (webtiles) character file.

1358 poirepourri the Slasher (level 8, -19/43 HPs)
             Began as a Vine Stalker Fighter on June 3, 2017.
             Demolished by an ogre
             ... wielding a +0 giant spiked club
              (21 damage)
             ... on level 6 of the Dungeon.
             The game lasted 00:11:50 (6027 turns).

poirepourri the Slasher (Vine Stalker Fighter)      Turns: 6027, Time: 00:11:50

Health: -19/43     AC:  8    Str: 18    XL:     8   Next: 64%
Magic:  0/9        EV:  9    Int:  8    God:
Gold:   209        SH: 11    Dex: 17    Spells: 7/7 levels left

rFire    . . .     SeeInvis .   a - +0 long sword
rCold    . . .     Gourm    .   c - +1 shield
rNeg     . . .     Faith    .   b - +0 scale mail
rPois    +         Spirit   +   (no helmet)
rElec    .         Reflect  .   u - +0 cloak
rCorr    +         Harm     .   (no gloves)
MR       +....     Clarity  +   (no boots)
Stlth    ..........             (no amulet)
Regen    0.6/turn               i - ring of resist corrosion
MPRegen  0.2/turn               (no ring)

@: no status effects
A: fangs 3, rugged brown scales 1, clarity, poison resistance, regeneration 1,
screaming 1, magic shield, antimagic bite, no potion heal 3, rot immunity
a: no special abilities


You were on level 6 of the Dungeon.
You were not hungry.

You visited 2 branches of the dungeon, and saw 7 of its levels.
You also visited: Sewer.

You collected 209 gold pieces.

Inventory:

Hand Weapons
 a - a +0 long sword (weapon)
 k - a +0 blowgun
Missiles
 f - 18 poisoned needles
 m - 13 tomahawks (quivered)
Armour
 b - a +0 scale mail (worn)
 c - a +1 shield (worn)
 u - a +0 cloak (worn)
Jewellery
 i - a ring of resist corrosion (left hand)
Wands
 q - a wand of lightning (8/15)
 s - a wand of iceblast (5/15)
Scrolls
 e - 3 scrolls of blinking
 h - 3 scrolls of teleportation
 l - 4 scrolls of remove curse
 r - a scroll of fear
Potions
 d - 2 potions of might
 j - 5 potions of curing
 n - 2 potions of brilliance
 o - a potion of haste
 t - 2 potions of flight
Books
 g - a Young Poisoner's Handbook

   Spells                             Type                      Level
   a - Sting                          Conjuration/Poison           1
   b - Poisonous Vapours              Poison/Air                   2
   c - Mephitic Cloud                 Conjuration/Poison/Air       3
   d - Olgreb's Toxic Radiance        Poison                       4
   e - Venom Bolt                     Conjuration/Poison           5
 p - a book of Flames

   Spells                             Type                      Level
   a - Flame Tongue                   Conjuration/Fire             1
   b - Throw Flame                    Conjuration/Fire             2
   c - Conjure Flame                  Conjuration/Fire             3
   d - Inner Flame                    Hexes/Fire                   3
   e - Sticky Flame                   Conjuration/Fire             4
   f - Fireball                       Conjuration/Fire             5


   Skills:
 + Level 4.9 Fighting
 + Level 6.1 Long Blades
 - Level 2.4 Armour
 + Level 2.4 Dodging
 + Level 5.9 Shields


You had 7 spell levels left.
You didn't know any spells.

Dungeon Overview and Level Annotations

Branches:
Dungeon (6/15)             Temple (1/1) D:6

Altars:
Ashenzari
Cheibriados
Dithmenos
Elyvilon
Fedhas
Gozag
Hepliaklqana
Kikubaaqudgha
Makhleb
Nemelex Xobeh
Okawaru
Qazlal
Ru
Sif Muna
Trog
Uskayaw
Vehumet
Xom
Yredelemnul
Zin
The Shining One


Innate Abilities, Weirdness & Mutations

You have razor-sharp teeth.
Your natural rate of healing is unusually fast.
When hurt, damage is shared between your health and your magic reserves.
Your bite disrupts and absorbs the magic of your enemies.
Potions cannot restore your health.
You are immune to rotting.
You are partially covered in rugged brown scales. (AC +1, +3% HP)
You possess an exceptional clarity of mind.
Your system is resistant to poisons. (rPois)
You occasionally shout uncontrollably at your foes.


Message History

An ogre is nearby!
An ogre is nearby!
The ogre shouts!
You hit the ogre. You bite the ogre. You drain its power.
The ogre is moderately wounded.
The ogre hits you with a giant spiked club!!
You closely miss the ogre.
The ogre is moderately wounded.
The ogre hits you with a giant spiked club!!
Ouch! That really hurt!
* * * LOW HITPOINT WARNING * * *
You have no ailments to cure.
You have no ailments to cure.
As you read the scroll of fear, it crumbles to dust.
You assume a fearsome visage.
The ogre looks frightened!
You hit the ogre.
Your attack snaps the ogre out of its fear.
The ogre is moderately wounded.
The ogre hits you with a giant spiked club!!
You die...

####.#.#### #.#.#
##.######.#.#
..........#'##
#.########...## #.
##.....## # ##.##
##.......## ##
##...####.........####.
#.....@O'.........'...>
##.....##.........####.
##....###.......## ##
###.## ##.....## # #.#
##...## #.# ##'##
#####.#######.####
#................######
#.###.##..###.#........


You could see an ogre.

Vanquished Creatures
  The ghost of nikopol the Magician, an amateur DEFE (D:4)
  Eustachio (D:5)
  Menkaure (D:5)
  Purgy (Sewer)
  A scorpion (D:4)
  A howler monkey (D:6)
  A crimson imp (D:5)
  A bullfrog zombie (D:5)
  2 hounds (D:5)
  6 orc wizards
  A centaur zombie (D:5)
  3 orc priests
  An iguana (D:3)
  5 worker ants
  A worker ant zombie (D:5)
  5 adders
  3 gnolls (D:3)
  An ooze (D:3)
  4 worms
  A dart slug (D:3)
  3 leopard geckos
  29 orcs
  3 bats
  A giant cockroach (D:5)
  7 goblins
  8 hobgoblins
  4 jackals (D:2)
  A quokka (D:5)
  5 ball pythons
  18 frilled lizards
  9 kobolds (D:3)
  9 rats
138 creatures vanquished.

Notes
Turn   | Place    | Note
-------+----------+-------------------------------------------
     0 | D:1      | poirepourri the Vine Stalker Fighter began the quest for the Orb.
     0 | D:1      | Reached XP level 1. HP: 11/11 MP: 2/2
   425 | D:1      | Reached XP level 2. HP: 16/16 MP: 3/3
   598 | D:2      | Reached skill level 2 in Long Blades
   818 | D:2      | Reached XP level 3. HP: 14/20 MP: 4/4
  1645 | D:2      | Found a glowing golden altar of the Shining One.
  2006 | D:2      | Found a radiant altar of Vehumet.
  2006 | D:2      | Found an iron altar of Okawaru.
  2306 | D:3      | Gained mutation: Your natural rate of healing is unusually fast. [Vine Stalker growth]
  2306 | D:3      | Reached XP level 4. HP: 20/24 MP: 5/5
  2395 | D:3      | Reached skill level 3 in Long Blades
  2540 | D:3      | Found a glowing drain.
  2558 | Sewer    | Entered a sewer
  2585 | Sewer    | Noticed Purgy
  2604 | Sewer    | Gained mutation: You occasionally shout uncontrollably at your foes. [potion of mutation]
  2604 | Sewer    | Gained mutation: Your system is resistant to poisons. (rPois) [potion of mutation]
  2604 | Sewer    | Gained mutation: You are partially covered in rugged brown scales. (AC +1, +3% HP) [potion of mutation]
  2604 | Sewer    | Gained mutation: You possess an exceptional clarity of mind. [potion of mutation]
  2628 | Sewer    | Killed Purgy
  2628 | Sewer    | Reached skill level 1 in Dodging
  2628 | Sewer    | Reached XP level 5. HP: 11/28 MP: 1/6
  3012 | D:3      | Reached XP level 6. HP: 27/32 MP: 7/7
  3236 | D:3      | Reached skill level 4 in Long Blades
  3499 | D:4      | Noticed nikopol's ghost (amateur DEFE)
  3854 | D:4      | Killed nikopol's ghost
  3854 | D:4      | Reached XP level 7. HP: 36/38 MP: 8/8
  4368 | D:4      | Reached skill level 5 in Long Blades
  4475 | D:5      | Entered Level 5 of the Dungeon
  4482 | D:5      | Noticed Menkaure
  4486 | D:5      | Killed Menkaure
  4486 | D:5      | Reached skill level 5 in Shields
  4716 | D:5      | Gained mutation: You have razor-sharp teeth. [Vine Stalker growth]
  4716 | D:5      | Reached XP level 8. HP: 43/43 MP: 9/9
  4850 | D:5      | Noticed Eustachio
  4874 | D:5      | Killed Eustachio
  5514 | D:6      | Found a staircase to the Ecumenical Temple.
  5528 | D:6      | Reached skill level 6 in Long Blades
  5541 | Temple   | Entered the Ecumenical Temple
  6025 | D:6      | HP: 1/43 [ogre/giant spiked club (24)]
  6027 | D:6      | Demolished by an ogre

Skill      XL: |  1  2  3  4  5  6  7  8 |
---------------+-------------------------+-----
Fighting       | 3 4 |  4.9
Long Blades    | 2 3 4 5 6 |  6.1
Shields        | 3 4 5 |  5.9
Dodging        | 1 2 |  2.4
Armour         | |  2.4

Action                   |  1- 3 |  4- 6 |  7- 9 || total
-------------------------+-------+-------+-------++-------
Melee: Long sword        |    86 |   191 |   159 ||   436
       Bite              |    20 |    64 |    76 ||   160
  Use: Scroll            |     4 |     6 |     6 ||    16
       Potion            |       |     2 |     2 ||     4
  Eat: Bread ration      |     1 |     1 |     1 ||     3
       Chunk             |       |     2 |       ||     2
       Royal jelly       |       |       |     1 ||     1
Armor: Scale mail        |    54 |    86 |    56 ||   196
Dodge: Dodged            |    32 |    79 |    42 ||   153
Block: Shield            |    63 |   147 |   103 ||   313
       Rpst.: Long sword |    12 |    16 |    13 ||    41
